EVO
PENNSYLVANIA STATE UNIVERSITY NITTANY LIONS @ WICHITA STATE UNIVERSITY SHOCKERS
11/27/2048
 
TOP OF THE 1ST
Ohio State University Buckeyes batting - Pitching for Pennsylvania State University Nittany Lions : LHP Justin Tidwell
Pitching: LHP Justin Tidwell
Batting: RHB Hikaru Nakata 0-0: Foul Ball, location: 2F
0-1: Ball
1-1: Ball
2-1: Foul Ball, location: 2F
2-2: Foul Ball, location: 2F
2-2: Fly out, F8 (Line Drive, 8RD, EV 97.5 MPH)
Batting: RHB Aaron Burnet 0-0: Ball
1-0: Called Strike
1-1: Ground out 4-3 (Groundball, 34, EV 82.5 MPH)
Batting: SHB Ken Griffey IV 0-0: Ball
1-0: Foul Ball, location: 2F
1-1: Foul Ball, location: 2F
1-2: Foul Ball, location: 2F
1-2: Ball
2-2: SINGLE (Line Drive, 7S, EV 99.4 MPH)
Batting: RHB Hugo Chavez 0-0: Ball
1-0: Swinging Strike
1-1: Ball
2-1: Swinging Strike
2-2: Ball
3-2: Foul Ball, location: 2F
3-2: Strikes out swinging
Top of the 1st over - 0 runs, 1 hit, 0 errors, 1 left on base; Ohio State University 0 - Pennsylvania State University 0
BOTTOM OF THE 1ST
Pennsylvania State University Nittany Lions batting - Pitching for Ohio State University Buckeyes : RHP Curt De Kock
Pitching: RHP Curt De Kock
Batting: RHB John Hopkins 0-0: Ball
1-0: SINGLE (Flyball, 4D, EV 93.1 MPH)
Batting: RHB Mike Smith 0-0: Ball
1-0: Called Strike
1-1: Ball
2-1: Swinging Strike
2-2: Foul Ball, location: 2F
2-2: Foul Ball, location: 2F
2-2: Ball
3-2: SINGLE (Groundball, 6M, EV 100.6 MPH) (infield hit)
John Hopkins to second
Batting: SHB Oscar Barahona 0-0: Ball
1-0: Foul Ball, location: 2F
1-1: Swinging Strike
1-2: Ball
2-2: Strikes out swinging
Batting: SHB Glenn Harrison 0-0: DOUBLE (Line Drive, 89XD, EV 110.0 MPH)
John Hopkins scores
Mike Smith to third
Batting: RHB Fernando Membreno 0-0: Ball
Wild Pitch!
Mike Smith scores
Glenn Harrison to third
1-0: 2-RUN HOME RUN (Line Drive, 7LD, EV 105.6 MPH), Distance : 388 ft
Batting: RHB Craig Alvarado 0-0: Ball
1-0: Called Strike
1-1: Fly out, F9 (Flyball, 9LM, EV 93.1 MPH)
Batting: RHB Isaiah Heath 0-0: Ball
1-0: Swinging Strike
1-1: Foul Ball, location: 2F
1-2: Ball
2-2: Foul Ball, location: 2F
2-2: Foul Ball, location: 2F
2-2: Foul Ball, location: 2F
2-2: Ball
3-2: Strikes out swinging
Bottom of the 1st over - 4 runs, 4 hits, 0 errors, 0 left on base; Ohio State University 0 - Pennsylvania State University 4
TOP OF THE 2ND
Ohio State University Buckeyes batting - Pitching for Pennsylvania State University Nittany Lions : LHP Justin Tidwell
Batting: LHB Ben Roth 0-0: Ball
1-0: Ball
2-0: Ball
3-0: Called Strike
3-1: Foul Ball, location: 2F
3-2: Base on Balls
Batting: RHB Michihisa Tanaka 0-0: Swinging Strike
0-1: Ball
1-1: Ball
2-1: Called Strike
2-2: Grounds into double play, 5-4-3 (Groundball, 56, EV 83.1 MPH)
Batting: RHB Jeff Standridge 0-0: Ball
1-0: SINGLE (Line Drive, 7S, EV 90.6 MPH)
Batting: RHB John Britton 0-0: Called Strike
0-1: Ground out U3 (Groundball, 3S, EV 93.8 MPH)
Top of the 2nd over - 0 runs, 1 hit, 0 errors, 1 left on base; Ohio State University 0 - Pennsylvania State University 4
BOTTOM OF THE 2ND
Pennsylvania State University Nittany Lions batting - Pitching for Ohio State University Buckeyes : RHP Curt De Kock
Batting: LHB Josh Lane 0-0: Foul Ball, location: 2F
0-1: Ball
1-1: Ball
2-1: Fly out, F7 (Flyball, 7, EV 83.8 MPH)
Batting: RHB Klaus Brown 0-0: Ball
1-0: Foul Ball, location: 2F
1-1: Foul Ball, location: 2F
1-2: Strikes out swinging
Batting: RHB John Hopkins 0-0: Called Strike
0-1: Ball
1-1: Called Strike
1-2: Strikes out swinging
Bottom of the 2nd over - 0 runs, 0 hits, 0 errors, 0 left on base; Ohio State University 0 - Pennsylvania State University 4
TOP OF THE 3RD
Ohio State University Buckeyes batting - Pitching for Pennsylvania State University Nittany Lions : LHP Justin Tidwell
Batting: RHB Dave Villarreal 0-0: Ball
1-0: Foul Ball, location: 2F
1-1: Ball
2-1: Foul Ball, location: 2F
2-2: Strikes out swinging
Batting: RHB Hikaru Nakata 0-0: Ball
1-0: Fly out, F9 (Flyball, 89S, EV 81.9 MPH)
Batting: RHB Aaron Burnet 0-0: Ball
1-0: Foul Ball, location: 2F
1-1: Ball
2-1: Ball
3-1: Base on Balls
Batting: SHB Ken Griffey IV 0-0: Foul Ball, location: 2F
0-1: Ball
1-1: Hit by Pitch
Aaron Burnet to second
Batting: RHB Hugo Chavez 0-0: Ball
1-0: Ball
2-0: Ball
3-0: Called Strike
3-1: Foul Ball, location: 2F
3-2: Foul Ball, location: 2F
3-2: Fly out, F9 (Flyball, 9S, EV 85.0 MPH)
Top of the 3rd over - 0 runs, 0 hits, 0 errors, 2 left on base; Ohio State University 0 - Pennsylvania State University 4
BOTTOM OF THE 3RD
Pennsylvania State University Nittany Lions batting - Pitching for Ohio State University Buckeyes : RHP Curt De Kock
Batting: RHB Mike Smith 0-0: Foul Ball, location: 2F
0-1: Ball
1-1: Fly out, F8 (Line Drive, 8RM, EV 89.4 MPH)
Batting: SHB Oscar Barahona 0-0: Ball
1-0: Ball
2-0: Foul Ball, location: 2F
2-1: SINGLE (Line Drive, 8RS, EV 108.1 MPH)
Batting: SHB Glenn Harrison 0-0: Foul Ball, location: 2F
0-1: Ball
1-1: Ball
2-1: Foul Ball, location: 2F
2-2: Foul Ball, location: 2F
2-2: Foul Ball, location: 2F
2-2: Ball
3-2: Foul Ball, location: 2F
3-2: Foul Ball, location: 2F
3-2: Base on Balls
Oscar Barahona to second
Batting: RHB Fernando Membreno 0-0: Called Strike
0-1: Grounds into double play, 6-4-3 (Groundball, 6, EV 83.8 MPH)
Bottom of the 3rd over - 0 runs, 1 hit, 0 errors, 1 left on base; Ohio State University 0 - Pennsylvania State University 4
TOP OF THE 4TH
Ohio State University Buckeyes batting - Pitching for Pennsylvania State University Nittany Lions : LHP Justin Tidwell
Batting: LHB Ben Roth 0-0: Called Strike
0-1: Swinging Strike
0-2: Strikes out swinging
Batting: RHB Michihisa Tanaka 0-0: Ball
1-0: Ball
2-0: Ball
3-0: Called Strike
3-1: Base on Balls
Batting: RHB Jeff Standridge 0-0: Foul Ball, location: 2F
0-1: Grounds into double play, 5-4-3 (Groundball, 56, EV 92.5 MPH)
Top of the 4th over - 0 runs, 0 hits, 0 errors, 0 left on base; Ohio State University 0 - Pennsylvania State University 4
BOTTOM OF THE 4TH
Pennsylvania State University Nittany Lions batting - Pitching for Ohio State University Buckeyes : RHP Curt De Kock
Batting: RHB Craig Alvarado 0-0: Called Strike
0-1: Ball
1-1: Ball
2-1: Foul Ball, location: 2F
2-2: Ball
3-2: Base on Balls
Batting: RHB Isaiah Heath 0-0: Ball
1-0: Ball
2-0: Ball
3-0: Called Strike
3-1: Called Strike
3-2: Foul Ball, location: 2F
3-2: Fly out, F8 (Flyball, 8LM, EV 93.1 MPH)
Batting: LHB Josh Lane 0-0: Ball
1-0: Fielders Choice at 2nd, 6-4 (Groundball, 6, EV 81.9 MPH)
Batting: RHB Klaus Brown 0-0: Foul Ball, location: 2F
0-1: Foul Ball, location: 2F
0-2: Foul Ball, location: 2F
0-2: Ball
1-2: Strikes out swinging
Bottom of the 4th over - 0 runs, 0 hits, 0 errors, 1 left on base; Ohio State University 0 - Pennsylvania State University 4
TOP OF THE 5TH
Ohio State University Buckeyes batting - Pitching for Pennsylvania State University Nittany Lions : LHP Justin Tidwell
Batting: RHB John Britton 0-0: Ball
1-0: Ball
2-0: Ball
3-0: Base on Balls
Batting: RHB Dave Villarreal 0-0: Foul Ball, location: 2F
0-1: Foul Ball, location: 2F
0-2: Foul Ball, location: 2F
0-2: Strikes out swinging
Batting: RHB Hikaru Nakata 0-0: Called Strike
0-1: Ball
1-1: Ball
2-1: Ball
3-1: Grounds into double play, 6-4-3 (Groundball, 6D, EV 86.9 MPH)
Top of the 5th over - 0 runs, 0 hits, 0 errors, 0 left on base; Ohio State University 0 - Pennsylvania State University 4
BOTTOM OF THE 5TH
Pennsylvania State University Nittany Lions batting - Pitching for Ohio State University Buckeyes : RHP Curt De Kock
Pitching: RHP Ricky Ramos
Batting: RHB John Hopkins 0-0: Ball
1-0: Swinging Strike
1-1: SINGLE (Line Drive, 8RS, EV 108.8 MPH)
Batting: RHB Mike Smith 0-0: Swinging Strike
0-1: Sac Bunt to 23 - play at first, batter OUT! 3-4
John Hopkins to second
Batting: SHB Oscar Barahona 0-0: Ball
1-0: Called Strike
1-1: Called Strike
1-2: Strikes out swinging
Batting: SHB Glenn Harrison 0-0: Ball
1-0: SINGLE (Line Drive, 7LS, EV 104.4 MPH)
John Hopkins to third
Runner from 3rd tries for Home, SAFE, throw by LF to home
Batting: RHB Fernando Membreno 0-0: Ball
1-0: Ball
2-0: Called Strike
2-1: Foul Ball, location: 2F
2-2: Foul Ball, location: 2F
2-2: Ball
3-2: Foul Ball, location: 2F
3-2: Ground out 5-3 (Groundball, 5, EV 101.2 MPH)
Bottom of the 5th over - 1 run, 2 hits, 0 errors, 1 left on base; Ohio State University 0 - Pennsylvania State University 5
TOP OF THE 6TH
Ohio State University Buckeyes batting - Pitching for Pennsylvania State University Nittany Lions : LHP Justin Tidwell
Pitching: RHP Dave Boudreaux
Batting: RHB Aaron Burnet 0-0: Called Strike
0-1: Ball
1-1: Ball
2-1: Ball
3-1: Base on Balls
Batting: SHB Ken Griffey IV 0-0: Called Strike
0-1: Grounds out, U3 (Groundball, 3L, EV 80.0 MPH)
Batting: RHB Hugo Chavez 0-0: Ball
1-0: Called Strike
1-1: SINGLE (Groundball, 6MD, EV 94.4 MPH)
Aaron Burnet to third
Runner from 3rd tries for Home, SAFE, throw by CF to home
Hugo Chavez to second
Batting: LHB Ben Roth 0-0: Ball
1-0: Ball
2-0: Ball
3-0: Called Strike
3-1: Base on Balls
Batting: RHB Michihisa Tanaka 0-0: Ball
1-0: Ball
2-0: Foul Ball, location: 2F
2-1: 3-RUN HOME RUN (Line Drive, 8LXD, EV 115.6 MPH), Distance : 460 ft
Pitching: LHP James Marker
Batting: RHB Jeff Standridge 0-0: Fly out, F7 (Flyball, 7, EV 82.5 MPH)
Batting: RHB John Britton 0-0: Ball
1-0: Ball
2-0: Called Strike
2-1: Swinging Strike
2-2: DOUBLE (Groundball, 5L, EV 110.0 MPH)
Batting: RHB Dave Villarreal 0-0: Ball
1-0: Foul Ball, location: 2F
1-1: Called Strike
1-2: Ball
2-2: Strikes out looking
Top of the 6th over - 4 runs, 3 hits, 0 errors, 1 left on base; Ohio State University 4 - Pennsylvania State University 5
BOTTOM OF THE 6TH
Pennsylvania State University Nittany Lions batting - Pitching for Ohio State University Buckeyes : RHP Ricky Ramos
Batting: RHB Craig Alvarado 0-0: Called Strike
0-1: Ball
1-1: Ball
2-1: Called Strike
2-2: Fly out, F4 (Popup, 4MD, EV 65.0 MPH)
Batting: RHB Isaiah Heath 0-0: Ball
1-0: Ball
2-0: Fly out, F9 (Flyball, 89D, EV 110.0 MPH)
Batting: LHB Josh Lane 0-0: Ball
1-0: Ball
2-0: Ball
3-0: Called Strike
3-1: SINGLE (Groundball, 4M, EV 105.6 MPH) (infield hit)
Batting: RHB Klaus Brown 0-0: Called Strike
0-1: Ball
1-1: SINGLE (Line Drive, 56, EV 105.0 MPH)
Josh Lane to second
Batting: RHB John Hopkins 0-0: Called Strike
0-1: DOUBLE (Line Drive, 89D, EV 104.4 MPH)
Josh Lane scores
Klaus Brown to third
Runner from 3rd tries for Home, throw by RF and OUT! 9-2
Bottom of the 6th over - 1 run, 3 hits, 0 errors, 1 left on base; Ohio State University 4 - Pennsylvania State University 6
TOP OF THE 7TH
Ohio State University Buckeyes batting - Pitching for Pennsylvania State University Nittany Lions : LHP James Marker
Pitching: RHP Mike Watkins
Batting: RHB Hikaru Nakata 0-0: Ball
1-0: Foul Ball, location: 2F
1-1: Swinging Strike
1-2: Ball
2-2: Ball
3-2: SINGLE (Groundball, 56D, EV 104.4 MPH)
Pinch Hitting: RHB Tony Vasquez 0-0: SINGLE (Line Drive, 34D, EV 105.6 MPH)
Hikaru Nakata to second
Batting: SHB Ken Griffey IV 0-0: Ball
1-0: Ball
2-0: Ball
3-0: Base on Balls
Hikaru Nakata to third
Tony Vasquez to second
Batting: RHB Hugo Chavez 0-0: Called Strike
0-1: Ball
1-1: Swinging Strike
1-2: Foul Ball, location: 2F
1-2: SINGLE (Line Drive, 4MD, EV 110.0 MPH)
Hikaru Nakata scores
Tony Vasquez to third
Ken Griffey IV to second
Runner from 3rd tries for Home, SAFE, throw by CF to home
Batting: LHB Ben Roth 0-0: Fly out, F7 (Flyball, 7, EV 90.6 MPH)
Batting: RHB Michihisa Tanaka 0-0: Called Strike
0-1: Called Strike
0-2: Fly out, F9 (Flyball, 9LSF, EV 91.2 MPH)
Pinch Hitting: LHB Ricardo Torres 0-0: Ball
1-0: Ball
2-0: Foul Ball, location: 2F
2-1: Swinging Strike
2-2: Strikes out looking
Top of the 7th over - 2 runs, 3 hits, 0 errors, 2 left on base; Ohio State University 6 - Pennsylvania State University 6
BOTTOM OF THE 7TH
Pennsylvania State University Nittany Lions batting - Pitching for Ohio State University Buckeyes : RHP Ricky Ramos
Pitching: LHP Ernesto Galindo
Now at 2B: Tony Vasquez
Now in LF: Edwin Vasquez
Batting: RHB Mike Smith 0-0: Called Strike
0-1: Ground out 6-3 (Groundball, 6MS, EV 81.2 MPH)
Batting: SHB Oscar Barahona 0-0: Called Strike
0-1: Ball
1-1: Ball
2-1: Foul Ball, location: 2F
2-2: Ball
3-2: SINGLE (Line Drive, 78S, EV 99.4 MPH)
Batting: SHB Glenn Harrison 0-0: Called Strike
0-1: Ball
1-1: Fly out, F8 (Flyball, 89S, EV 85.6 MPH)
Batting: RHB Fernando Membreno 0-0: SINGLE (Line Drive, 4D, EV 95.0 MPH)
Oscar Barahona to second
Runner from 2nd tries for 3rd, SAFE, no throw by CF
Batting: RHB Craig Alvarado 0-0: Swinging Strike
0-1: Swinging Strike
0-2: Strikes out swinging
Bottom of the 7th over - 0 runs, 2 hits, 0 errors, 2 left on base; Ohio State University 6 - Pennsylvania State University 6
TOP OF THE 8TH
Ohio State University Buckeyes batting - Pitching for Pennsylvania State University Nittany Lions : RHP Mike Watkins
Pitching: RHP Colin Walker
Batting: RHB John Britton 0-0: Ball
1-0: Called Strike
1-1: Ground out 6-3 (Groundball, 6MS, EV 91.2 MPH)
Batting: RHB Dave Villarreal 0-0: SINGLE (Line Drive, 34D, EV 98.1 MPH)
Batting: RHB Hikaru Nakata 0-0: SINGLE (Line Drive, 8RS, EV 91.2 MPH)
Dave Villarreal to second
Batting: RHB Tony Vasquez 0-0: Called Strike
0-1: Ball
1-1: Fly out, F8 (Flyball, 89M, EV 77.5 MPH)
Batting: SHB Ken Griffey IV 0-0: Foul Ball, location: 2F
0-1: Ball
1-1: Foul Ball, location: 2F
1-2: Ball
2-2: Ground out U3 (Groundball, 3L, EV 87.5 MPH)
Top of the 8th over - 0 runs, 2 hits, 0 errors, 2 left on base; Ohio State University 6 - Pennsylvania State University 6
BOTTOM OF THE 8TH
Pennsylvania State University Nittany Lions batting - Pitching for Ohio State University Buckeyes : LHP Ernesto Galindo
Pitching: RHP Colt Robinson
Pinch Hitting: RHB Roberto Medina 0-0: Called Strike
0-1: Fly out, F7 (Line Drive, 7S, EV 111.2 MPH)
Batting: LHB Josh Lane 0-0: Ball
1-0: Fly out, F8 (Flyball, 8LM, EV 85.0 MPH)
Batting: RHB Klaus Brown 0-0: Ball
1-0: Foul Ball, location: 2F
1-1: Ball
2-1: Ball
3-1: Ground out U3 (Groundball, 3, EV 87.5 MPH)
Bottom of the 8th over - 0 runs, 0 hits, 0 errors, 0 left on base; Ohio State University 6 - Pennsylvania State University 6
TOP OF THE 9TH
Ohio State University Buckeyes batting - Pitching for Pennsylvania State University Nittany Lions : RHP Colin Walker
Now in RF: Jesus Resendez
Batting: RHB Hugo Chavez 0-0: Ball
1-0: Swinging Strike
1-1: Fly out, F3 (Line Drive, 3, EV 68.1 MPH)
Batting: LHB Ben Roth 0-0: Called Strike
0-1: Ground out U3 (Groundball, 34, EV 110.0 MPH)
Batting: RHB Michihisa Tanaka 0-0: Called Strike
0-1: Ball
1-1: Swinging Strike
1-2: Foul Ball, location: 2F
1-2: Ball
2-2: Strikes out looking
Top of the 9th over - 0 runs, 0 hits, 0 errors, 0 left on base; Ohio State University 6 - Pennsylvania State University 6
BOTTOM OF THE 9TH
Pennsylvania State University Nittany Lions batting - Pitching for Ohio State University Buckeyes : RHP Colt Robinson
Pitching: RHP Max Carter
Batting: RHB John Hopkins 0-0: Called Strike
0-1: SINGLE (Line Drive, 4D, EV 106.9 MPH)
Batting: RHB Mike Smith 0-0: Ball
John Hopkins steals 2nd, throwing error, E2
John Hopkins to third
1-0: Ball
2-0: Called Strike
2-1: Called Strike
2-2: Ball
3-2: Strikes out swinging
Batting: SHB Oscar Barahona 0-0: Intentional Walk
Batting: SHB Glenn Harrison 0-0: Ball
1-0: Ball
2-0: Foul Ball, location: 2F
2-1: Foul Ball, location: 2F
2-2: Ball
3-2: Fielders Choice attempt at home, Runner SAFE. 6-2 (Groundball, 56, EV 107.5 MPH)
Bottom of the 9th over - 1 run, 1 hit, 1 error, 1 left on base; Ohio State University 6 - Pennsylvania State University 7
Tuesday, March 28th , 2023 - OOTP Baseball 23.10 Build 110